 Dungeon Crawl Stone Soup version 0.30-b1-2-g02819fbbbe (webtiles) character file.

Game seed: 11618520948057713196

35 ketsa the Magician (level 3, -1/19 HPs)
             Began as a Deep Elf Air Elementalist on May 18, 2023.
             Slain by a goblin
             ... wielding a +0 dagger
             ... led by Robin
              (4 damage)
             ... on level 2 of the Dungeon.
             The game lasted 00:02:57 (1585 turns).

ketsa the Magician (Deep Elf Air Elementalist)      Turns: 1585, Time: 00:02:57

Health: -1/19      AC:  3    Str:  5    XL:     3   Next: 17%
Magic:  10/10      EV: 12    Int: 21    God:
Gold:   27         SH:  0    Dex: 15    Spells: 8/9 levels left

rFire   . . .        (no weapon)
rCold   . . .        (no shield)
rNeg    . . .        a - +0 robe
rPois   .            (no helmet)
rElec   .            i - +0 cloak
rCorr   .            (no gloves)
SInv    .            (no boots)
Will    .....        (no amulet)
Stlth   ++           (no ring)
HPRegen 0.23/turn    (no ring)
MPRegen 0.12/turn

%: no passive effects
@: no status effects
A: no striking features
a: no special abilities


You were on level 2 of the Dungeon.
You visited 1 branch of the dungeon, and saw 2 of its levels.

You collected 63 gold pieces.
You spent 36 gold pieces at shops.

Inventory:

Hand Weapons
 h - a +0 short sword
Armour
 a - a +0 robe (worn)
 i - a +0 cloak (worn)
Jewellery
 e - an amulet of guardian spirit
Scrolls
 c - 2 scrolls of teleportation
 d - a scroll of poison {unknown}
 g - 2 scrolls of identify {unknown}
Potions
 b - a potion of magic
 f - 2 potions of heal wounds {unknown}


   Skills:
 - Level 2.4 Dodging
 - Level 2.4 Stealth
 + Level 3.6 Spellcasting
 * Level 2.5 Conjurations
 + Level 3.3 Air Magic


You had 8 spell levels left.
You knew the following spells:

 Your Spells              Type           Power      Damage    Failure   Level
a - Shock                 Conj/Air       64%        1d7       3%          1

Your spell library contained the following spells:

 Spells                   Type           Power      Damage    Failure   Level
 Static Discharge         Conj/Air       32%        2-4/arc   5%          2
 Swiftness                Air            17%        N/A       10%         3
 Airstrike                Air            8%         2d(2-18)  30%         4


Dungeon Overview and Level Annotations

Branches:
Dungeon (2/15) Zot: 10403

Altars:

Shops:
D:1 *

Annotations:
D:2 Robin


Message History

Your magical contamination has completely faded away.
A hobgoblin comes into view. x2
A goblin comes into view.
It is wielding a +1 dagger of protection.
The goblin shouts!
The hobgoblin shouts!
You hear a bark!
The goblin unwields a +0 club.
The goblin wields a +0 sling.
The goblin shoots a sling bullet.
The sling bullet closely misses you.
There is a stone staircase leading up here.
Robin roars a battlecry!
The goblins go into a battle-frenzy!
The goblin shouts!
The hobgoblin shouts!
You climb upwards.
There is a stone staircase leading down here.
You start resting.
Magic restored.
Done exploring.
You open the door.
There is an open door here.
There is a stone staircase leading down here.
You climb downwards.
Level annotation: Robin Robin roars a battlecry!
The goblins go into a battle-frenzy!
The hobgoblin hits you. The goblin hits you with a +0 dagger.
The goblin closely misses you. The hobgoblin closely misses you.
The goblin hits you with a +1 dagger of protection.
The jackal bites you.
The goblin hits you with a +1 dagger of protection.
The goblin hits you with a +0 dagger.
* * * LOW HITPOINT WARNING * * *
The hobgoblin closely misses you. x2; The goblin hits you but does no damage.
The hobgoblin closely misses you.
There is a stone staircase leading up, spattered with blood here.
The jackal bites you.
* * * LOW HITPOINT WARNING * * *
The hobgoblin barely misses you. The goblin closely misses you. x2
The hobgoblin closely misses you. The jackal barely misses you.
Robin roars a battlecry!
The goblins go into a battle-frenzy!
The goblin closely misses you. The goblin hits you with a +0 dagger.
You die...

#...>......##...##.
#####...........##..♣#.
...#...#....g.......##..'.
................#....##♣#.
......................###.
...............#..........
..........................
...)....ghg.........>.....
.......gg@g...............
=......hggg#.<......#.....
.......hgg................
..........†..#.##..#.....
...).......##....##.....
..>............#######.#
...$........#.## .#
....b..?......# .#
.!.....####


You could see Robin, 3 jackals, 5 hobgoblins, 5 goblins and a bat (wandering).

Vanquished Creatures
  2 endoplasms (D:1)
  4 giant cockroaches
  2 goblins
  3 hobgoblins
  5 jackals (D:1)
  2 kobolds (D:1)
  3 quokkas (D:1)
  2 ball pythons (D:1)
  3 bats (D:1)
  2 frilled lizards (D:1)
  2 rats
30 creatures vanquished.

Notes
Turn   | Place    | Note
-------+----------+-------------------------------------------
     0 | D:1      | ketsa the Deep Elf Air Elementalist began the quest for the
                  | Orb.
     0 | D:1      | Reached XP level 1. HP: 10/10 MP: 6/6
   352 | D:1      | Reached XP level 2. HP: 15/15 MP: 4/8
   801 | D:1      | Found Fulauj's General Store.
   864 | D:1      | Bought a scroll of teleportation for 36 gold pieces
  1156 | D:1      | Reached XP level 3. HP: 19/19 MP: 8/10
  1527 | D:2      | Noticed Robin
  1531 | D:2      | Identified the +0 ring mail of Xygeroixza {rElec Stlth+}
  1585 | D:2      | Slain by a goblin

Illustrated notes

Levels and vault maps discovered:
D:1:      ncdulo_wetmaze, layout_basic, serial_shops, shop, chequers_avenue,
          hangedman_decor_growths, kennysheep_small_spiral
D:2:      layout_rooms, serial_shops, nicolae_shop_hallway_plus,
          grunt_ministairs_8, uniq_robin

Skill      XL: |  1  2 |
---------------+-------+-----
Conjurations   | 2 |  2.5
Dodging        | |  2.4
Stealth        | |  2.4
Spellcasting   | |  3.6
Air Magic      | |  3.3

Action                     || total
---------------------------++-------
  Melee: Unarmed           ||     9
         Punch             ||     1
   Cast: Shock             ||    51
 Armour: Robe              ||     3
  Dodge: Dodged            ||    26
